 Dungeon Crawl Stone Soup version 0.28-a0-895-g6e5f11bd55 (webtiles) character file.

Game seed: 10287246686209700632

157 oldmanjim the Caller (level 5, -3/37 HPs)
             Began as a Gnoll Summoner on Nov 22, 2021.
             Slain by an orc priest (4 damage)
             ... on level 3 of the Dungeon.
             The game lasted 00:19:04 (3312 turns).

oldmanjim the Caller (Gnoll Summoner)               Turns: 3312, Time: 00:19:04

Health: -3/37      AC:  5    Str:  8    XL:     5   Next: 38%
Magic:  12/12      EV: 11    Int: 15    God:
Gold:   66         SH:  0    Dex: 12    Spells: 5/14 levels left

rFire   . . .      SeeInvis .   a - +0 triple sword
rCold   . . .      Faith    .   (shield currently unavailable)
rNeg    . . .      Spirit   .   w - +0 ring mail
rPois   .          Reflect  .   (no helmet)
rElec   .          Harm     .   (no cloak)
rCorr   .          Rampage  .   (no gloves)
Will    .....                   (no boots)
Stlth   +.........              (no amulet)
HPRegen 0.12/turn               (no ring)
MPRegen 0.13/turn               (no ring)

@: confused
A: fangs 1, strong nose, distributed training
a: no special abilities


You were on level 3 of the Dungeon.
You visited 1 branch of the dungeon, and saw 3 of its levels.

You collected 66 gold pieces.

Inventory:

Hand Weapons
 a - a +0 triple sword (weapon)
 b - a +0 hunting sling
 f - a +0 dagger
 q - a +0 trident
Missiles
 d - 63 stones
 j - 39 sling bullets
 m - 39 arrows
Armour
 c - a +0 robe
 i - a +1 leather armour
 w - a +0 ring mail (worn)
Wands
 p - a wand of flame (19)
Scrolls
 e - 4 scrolls of teleportation {unknown}
 g - a scroll of blinking {unknown}
 h - 2 scrolls of enchant armour
 k - a scroll of amnesia {unknown}
 l - 2 scrolls of identify {unknown}
 o - a scroll of noise {unknown}
 v - a scroll of fog {unknown}
Potions
 n - 2 potions of curing {unknown}
 r - a potion of mutation {unknown}
 s - a potion of lignification
 t - 2 potions of berserk rage {unknown}
 u - a potion of attraction {unknown}


   Skills:
 + Level 1.4 Fighting
 + Level 1.4 Short Blades
 + Level 1.4 Long Blades
 + Level 1.4 Axes
 + Level 1.4 Maces & Flails
 + Level 1.4 Polearms
 + Level 1.4 Staves
 + Level 1.4 Slings
 + Level 1.4 Bows
 + Level 1.4 Crossbows
 + Level 1.4 Throwing
 + Level 1.4 Armour
 + Level 4.8 Dodging
 + Level 4.4 Stealth
 + Level 1.4 Shields
 + Level 1.4 Unarmed Combat
 + Level 5.2 Spellcasting
 + Level 1.1 Conjurations
 + Level 1.1 Hexes
 + Level 7.2 Summonings
 + Level 1.1 Necromancy
 + Level 1.1 Translocations
 + Level 1.1 Transmutations
 + Level 1.1 Fire Magic
 + Level 1.1 Ice Magic
 + Level 1.1 Air Magic
 + Level 1.1 Earth Magic
 + Level 1.1 Poison Magic
 + Level 1.6 Invocations
 + Level 1.4 Evocations


You had 5 spell levels left.
You knew the following spells:

 Your Spells              Type           Power      Damage    Failure   Level
a - Summon Small Mammal   Summ           100%       N/A       2%          1
b - Call Imp              Summ           25%        N/A       3%          2
c - Call Canine Familiar  Summ           25%        N/A       8%          3
d - Summon Guardian Gole  Hex/Summ       16%        N/A       26%         3

Your spell library contained the following spells:

 Spells                   Type           Power      Damage    Failure   Level
 Summon Lightning Spire   Summ/Air       16%        N/A       63%         4


Dungeon Overview and Level Annotations

Branches:
Dungeon (3/15)

Altars:


Innate Abilities, Weirdness & Mutations

You have very sharp teeth.
Your uncanny sense of smell can sniff out nearby items.
Your experience applies equally to all skills.


Message History

[Y]es or [N]o only, please.
Are you sure you want to stumble around while confused and next to your crimson imp? [Y]es or [N]o only, please.
Are you sure you want to stumble around while confused and next to your crimson imp? [Y]es or [N]o only, please.
Are you sure you want to stumble around while confused and next to your crimson imp? [Y]es or [N]o only, please.
Are you sure you want to stumble around while confused and next to your crimson imp? [Y]es or [N]o only, please.
Are you sure you want to stumble around while confused and next to your crimson imp? [Y]es or [N]o only, please.
Are you sure you want to stumble around while confused and next to your crimson imp? [Y]es or [N]o only, please.
Are you sure you want to stumble around while confused and next to your crimson imp?
Okay, then.
Are you sure you want to stumble around while confused and next to your crimson imp?
You miss your crimson imp.
Your crimson imp disappears in a puff of smoke!
The orc priest begins to cast a cantrip, but forgets the words!
Something hits you. x2; The orc priest closely misses you.
Are you sure you want to stumble around while confused and next to your hound?
Okay, then.
Something hits you.
The orc priest calls down the wrath of Beogh upon you.
Beogh smites you!
Are you sure you want to stumble around while confused and next to your hound?
Okay, then.
Are you sure you want to stumble around while confused and next to your hound?
You miss your hound.
Your hound disappears in a puff of smoke!
The orc priest hits you with a +0 flail!
* * * LOW HITPOINT WARNING * * *
Something hits you but does no damage.
You hear some strange, mumbled words.
You are more confused.
The orc priest hits you with a +0 flail.
* * * LOW HITPOINT WARNING * * *
You bump into the rock wall.
The orc priest hits you with a +0 flail.
You die...

#. #. ###+#... ##.
#.......## ..## ..
##........ .....#.
.#........#
#..)#.#.#...#.. #..#..#
#..### #$#o##..#∆#.....
#')@§§.+##..########
#...#####...#..†.†....
#...#.#)..#....)#######.
#.. ..#...'....'.<# #. #
.{.#...#.....### #.
o..#####...#.# #.
.##+.....+##..# #.
∆#..#.. ∆ .## #. # #..
.. ##


You could see an orc priest.

Vanquished Creatures
  An orc wizard (D:3)
  A worm (D:2)
  3 dart slugs
  2 orcs (D:3)
  3 endoplasms
  2 giant cockroaches
  5 hobgoblins
  2 kobolds
  3 ball pythons
  4 bats
  A frilled lizard (D:2)
  4 goblins
  8 rats
39 creatures vanquished.

Vanquished Creatures (collateral kills)
  A gnoll (D:1)
  3 adders
  A dart slug (D:2)
  2 orcs (D:3)
  5 endoplasms
  A giant cockroach (D:1)
  3 goblins
  2 hobgoblins
  2 jackals (D:1)
  A kobold (D:1)
  4 quokkas
  7 ball pythons
  4 bats (D:1)
  6 rats
42 creatures vanquished.

Grand Total: 81 creatures vanquished

Notes
Turn   | Place    | Note
-------+----------+-------------------------------------------
     0 | D:1      | oldmanjim the Gnoll Summoner began the quest for the Orb.
     0 | D:1      | Reached XP level 1. HP: 13/13 MP: 6/6
   260 | D:1      | Reached XP level 2. HP: 19/19 MP: 4/7
   554 | D:1      | Reached XP level 3. HP: 19/25 MP: 7/9
   642 | D:1      | Reached skill level 5 in Spellcasting
   669 | D:1      | Learned a level 2 spell: Call Imp
   689 | D:1      | Learned a level 3 spell: Call Canine Familiar
   916 | D:1      | Reached skill level 1 in Invocations
  1548 | D:2      | Reached skill level 1 in Fighting
  1548 | D:2      | Reached skill level 1 in Short Blades
  1548 | D:2      | Reached skill level 1 in Long Blades
  1548 | D:2      | Reached skill level 1 in Axes
  1548 | D:2      | Reached skill level 1 in Maces & Flails
  1548 | D:2      | Reached skill level 1 in Polearms
  1548 | D:2      | Reached skill level 1 in Staves
  1548 | D:2      | Reached skill level 1 in Slings
  1548 | D:2      | Reached skill level 1 in Bows
  1548 | D:2      | Reached skill level 1 in Crossbows
  1548 | D:2      | Reached skill level 1 in Throwing
  1548 | D:2      | Reached skill level 1 in Armour
  1548 | D:2      | Reached skill level 1 in Shields
  1548 | D:2      | Reached skill level 1 in Unarmed Combat
  1548 | D:2      | Reached skill level 1 in Evocations
  1636 | D:2      | Reached XP level 4. HP: 3/32 MP: 4/11
  1636 | D:2      | HP: 2/48 [poisoned by an adder]
  2130 | D:2      | Reached skill level 1 in Conjurations
  2130 | D:2      | Reached skill level 1 in Hexes
  2130 | D:2      | Reached skill level 1 in Necromancy
  2130 | D:2      | Reached skill level 1 in Translocations
  2130 | D:2      | Reached skill level 1 in Transmutations
  2130 | D:2      | Reached skill level 1 in Fire Magic
  2130 | D:2      | Reached skill level 1 in Ice Magic
  2130 | D:2      | Reached skill level 1 in Air Magic
  2130 | D:2      | Reached skill level 1 in Earth Magic
  2130 | D:2      | Reached skill level 1 in Poison Magic
  2826 | D:3      | Reached XP level 5. HP: 21/37 MP: 9/12
  2830 | D:3      | Learned a level 3 spell: Summon Guardian Golem
  3311 | D:3      | HP: 1/37 [orc priest (5)]
  3312 | D:3      | Slain by an orc priest

Illustrated notes

Levels and vault maps discovered:
D:1:      dpeg_arrival_rhombus, layout_loops_ring
D:2:      layout_loops_ring, minmay_joined_circles
D:3:      layout_basic, shapermc_ecumenical_altar_hornbeckon,
          minmay_fractal_squares_diagonal_5

Skill      XL: |  1  2  3  4 |
---------------+-------------+-----
Spellcasting   | 5 |  5.2
Invocations    | 1 |  1.6
Fighting       | 1 |  1.4
Short Blades   | 1 |  1.4
Long Blades    | 1 |  1.4
Axes           | 1 |  1.4
Maces & Flails | 1 |  1.4
Polearms       | 1 |  1.4
Staves         | 1 |  1.4
Slings         | 1 |  1.4
Bows           | 1 |  1.4
Crossbows      | 1 |  1.4
Throwing       | 1 |  1.4
Armour         | 1 |  1.4
Shields        | 1 |  1.4
Unarmed Combat | 1 |  1.4
Evocations     | 1 |  1.4
Conjurations   | 1 |  1.1
Hexes          | 1 |  1.1
Necromancy     | 1 |  1.1
Translocations | 1 |  1.1
Transmutations | 1 |  1.1
Fire Magic     | 1 |  1.1
Ice Magic      | 1 |  1.1
Air Magic      | 1 |  1.1
Earth Magic    | 1 |  1.1
Poison Magic   | 1 |  1.1
Dodging        | |  4.8
Stealth        | |  4.4
Summonings     | |  7.2

Action                   |  1- 3 |  4- 6 || total
-------------------------+-------+-------++-------
Melee: Unarmed           |     1 |       ||     1
       Dagger            |    19 |       ||    19
       Triple sword      |    43 |    58 ||   101
       Bite              |     1 |     1 ||     2
 Fire: Hunting sling     |       |    14 ||    14
 Cast: Summon Small Mamm |    28 |     2 ||    30
       Call Canine Famil |     5 |     8 ||    13
       Call Imp          |     5 |     5 ||    10
  Use: Scroll            |     1 |       ||     1
       Potion            |     1 |       ||     1
 Stab: Sleeping          |     3 |     6 ||     9
       Distracted        |       |     1 ||     1
Armor: Robe              |    14 |       ||    14
       Leather armour    |    16 |    22 ||    38
       Ring mail         |       |     3 ||     3
Dodge: Dodged            |    63 |    45 ||   108

Table legend: (Time is in decaauts)
 A = Elapsed time spent in this place.
 B = Non-inter-level travel time spent in this place.
 C = Inter-level travel time spent in this place.
 D = Time resting spent in this place.
 E = Time spent auto-exploring this place.
 F = Levels seen in this place.
 G = Mean time per level.
                   A        B        C        D        E       F      G
               +--------+--------+--------+--------+--------+-----+--------+
         Total |   3383 |   3250 |    133 |    424 |   2051 |   3 | 1127.7 |
       Dungeon |   3383 |   3250 |    133 |    424 |   2051 |   3 | 1127.7 |
               +--------+--------+--------+--------+--------+-----+--------+

Top non-repeatable levels by time:
     D:1: 1468 daAuts
     D:2: 1298 daAuts
     D:3: 616 daAuts
